 Dungeon Crawl Stone Soup version 0.17-a0-1115-g0372368 (webtiles) character file.

7 futacatgirl the Chiller (level 2, 0/24 HPs)
             Began as a Naga Ice Elementalist on May 23, 2015.
             Slain by a jackal (3 damage)
             ... on level 1 of the Dungeon.
             The game lasted 00:02:12 (562 turns).

futacatgirl the Chiller (Naga Ice Elementalist)      Turns: 562, Time: 00:02:12

Health: 0/24       AC:  1    Str: 10    XL:     2   Next: 4%
Magic:  0/5        EV: 10    Int: 15    God:
Gold:   0          SH:  0    Dex: 11    Spells: 1 memorised, 4 levels left

rFire  . . .     SeeInvis +     (no weapon)
rCold  . . .     Clarity  .     a - +0 robe
rNeg   . . .     SustAt   .     (no shield)
rPois  +         Gourm    .     (no helmet)
rElec  .         Spirit   .     (no cloak)
rCorr  .         Warding  .     (no gloves)
rMut   .         Stasis   .     (no barding)
MR     .....                    (no amulet)
Stlth  ++........               (no ring)
                                (no ring)

@: very slightly contaminated, very slow, not resistant to hostile enchantments,
unstealthy
A: see invisible, deformed body, poison resistance, slowness 2, slow metabolism
1, spit poison 2, AC +0
a: Spit Poison


You were on level 1 of the Dungeon.
You were not hungry.

You visited 1 branch of the dungeon, and saw 1 of its levels.

Inventory:

Armour
 a - a +0 robe (worn)
Books
 b - a book of Frost
Comestibles
 c - a bread ration {@e1}
 d - 2 fruits


   Skills:
 + Level 0.4 Fighting
 + Level 1.7 Dodging
 + Level 3.1 Stealth
 + Level 0.2 Unarmed Combat
 - Level 2.0 Spellcasting
   Level 1.0 Conjurations
 + Level 3.2 Ice Magic


You had 4 spell levels left.
You knew the following spells:

 Your Spells              Type           Power        Failure   Level  Hunger
a - Freeze                Ice            ##..         8%          1    #......


Dungeon Overview and Level Annotations

Branches:
Dungeon (1/15)

Altars:


Innate Abilities, Weirdness & Mutations

You cannot wear boots.
Your serpentine skin is tough (AC +0).
You have supernaturally acute eyesight.
Armour fits poorly on your strangely shaped body.
Your system is resistant to poisons.
You cover ground very slowly.
You have a slow metabolism.
You can spit poison.


Message History

You kill the kobold!
No target in view!
Found a stone staircase leading down.
Things that are here:
a club; a kobold corpse You start resting.
A kobold comes into view.
A kobold is nearby!
A rat comes into view.
The kobold shouts!
The kobold hits you.
A goblin comes into view. It is wielding a club.
You take 3 damage, and have 11/15 hp.
You completely miss the kobold. The kobold hits you.
You take 2 damage, and have 9/15 hp.
You are too injured to fight recklessly!
Aim: a kobold You freeze the kobold.
You kill the kobold!
You now have 2/3 mp.
A hobgoblin comes into view. It is wielding a club.
There is a stone staircase leading down here.
Aim: a rat
Okay, then.
You are too injured to fight recklessly!
You are too injured to fight recklessly!
You hit the rat. The rat bites you.
You take 2 damage, and have 7/15 hp.
You closely miss the rat. The rat closely misses you.
You barely miss the rat. The rat bites you.
You take 3 damage, and have 5/15 hp.
Aim: a goblin, wielding a club You freeze the goblin.
You kill the goblin!
The rat closely misses you.
You hit the rat.
You kill the rat!
You start resting.
Health restored: 15; MP restored: 3
Okay, then.
Unknown command.
Unknown command.
Unknown command.
Unknown command.
d - 2 fruits A rat and a jackal come into view.
The helpless hobgoblin fails to defend itself.
You hit the hobgoblin. The hobgoblin closely misses you. The jackal bites you.
You take 2 damage, and have 13/15 hp.
Unknown command.
Unknown command.
Unknown command.
Unknown command.
Unknown command.
Unknown command.
Aim: a hobgoblin, wielding a club (lightly wounded)
You freeze the hobgoblin.
You kill the hobgoblin!
You have reached level 2!
The jackal barely misses you.
You regained 6 hp, and now have 19/24 hp.
Aim: a jackal You miscast Freeze.
You are very lightly contaminated with residual magic.
Nothing appears to happen.
The jackal bites you.
You take 3 damage, and have 16/24 hp.
You now have 2/5 mp.
Aim: a jackal You freeze the jackal.
The jackal bites you. The jackal bites you.
You take 3 damage, and have 13/24 hp.
You now have 1/5 mp.
Aim: a jackal (moderately wounded)
You freeze the jackal. The jackal bites you.
You take 2 damage, and have 11/24 hp.
You now have 0/5 mp.
You are too injured to fight recklessly!
You hit the jackal but do no damage. The jackal closely misses you.
The jackal closely misses you.
You hit the jackal. The jackal barely misses you.
You closely miss the jackal. The jackal barely misses you.
You hit the jackal. The jackal bites you. The jackal bites you.
* * * LOW HITPOINT WARNING * * *
You take 6 damage, and have 5/24 hp.
MASSIVE DAMAGE!!
You closely miss the jackal. The jackal barely misses you.
You closely miss the jackal.
The jackal bites you but does no damage.
The jackal bites you.
* * * LOW HITPOINT WARNING * * *
You take 1 damage, and have 4/24 hp.
You barely miss the jackal. The jackal bites you.
* * * LOW HITPOINT WARNING * * *
You take 2 damage, and have 2/24 hp.
Aim: a jackal (almost dead)
You miscast Freeze.
A chill runs through your body.
The jackal bites you but does no damage.
You now have 0/5 mp.
You barely miss the jackal.
The jackal bites you but does no damage.
The jackal barely misses you.
You hit the jackal but do no damage. The jackal bites you.
You die...

##
#..###รท.###.)###
. #[......###>.##
# ##.##....###..#
. #.##....###..##
# #.##.....##...#
# #.###..#.##.#.#
#.# #..#....#.# #
##..#...#)#..#
##.....@...#
####..#h......
#..#.#.###(
##.... .. #.#.##
... #.... ##
..r.. .. ..


You could see a jackal.

Vanquished Creatures
  A giant cockroach (D:1)
  A hobgoblin (D:1)
  3 kobolds (D:1)
  A goblin (D:1)
  2 rats (D:1)
8 creatures vanquished.

Notes
Turn   | Place    | Note
--------------------------------------------------------------
     0 | D:1      | futacatgirl the Naga Ice Elementalist began the quest for the Orb.
     0 | D:1      | Reached XP level 1. HP: 15/15 MP: 3/3
   549 | D:1      | Reached XP level 2. HP: 19/24 MP: 3/5
   556 | D:1      | HP: 5/24 [jackal (3)]
   559 | D:1      | HP: 2/24 [jackal (2)]
   562 | D:1      | Slain by a jackal

Vault maps used:
D:1:      onia_arrival_larder

Action                   || total
-------------------------++-------
Melee: Unarmed           ||    28
 Cast: Freeze            ||     8
 Stab: Sleeping          ||     2

Vault maps used:
D:1:      onia_arrival_larder

Table legend:
 A = Turns spent in this place as a percentage of turns spent in the entire game.
 B = Non-inter-level travel turns spent in this place as a percentage of non-inter-level travel turns spent in the entire game.
 C = Inter-level travel turns spent in this place as a percentage of turns spent in this place.
 D = Turns resting spent in this place as a percentage of non-inter-level travel turns spent in this place.
 E = Turns spent auto-exploring this place as a percentage of non-inter-level travel turns spent in this place.
 F = Non-inter-level travel turns spent in this place divided by the number of levels of this place that you've seen.
                   A       B       C       D       E      F
               +-------+-------+-------+-------+-------+----------------------
         Total | 100.0 | 100.0 |   0.0 |   7.4 |   3.7 | 108.0
       Dungeon | 100.0 | 100.0 |   0.0 |   7.4 |   3.7 | 108.0
               +-------+-------+-------+-------+-------+----------------------

Table legend:
 A = Kills in this place as a percentage of kills in entire the game.
 B = Kills by you in this place as a percentage of kills by you in the entire game.
 C = Kills by friends in this place as a percentage of kills by friends in the entire game.
 D = Other kills in this place as a percentage of other kills in the entire game.
 E = Experience gained in this place as a percentage of experience gained in the entire game.
 F = Experience gained in this place divided by the number of levels of this place that you have seen.
                   A       B       C       D       E      F
               +-------+-------+-------+-------+-------+----------------------
         Total | 100.0 | 100.0 |  -nan |  -nan | 100.0 |  11.0
       Dungeon | 100.0 | 100.0 |  -nan |  -nan | 100.0 |  11.0
               +-------+-------+-------+-------+-------+----------------------
